Map: Thunderbird LE

Players

Stephano

  • Race: Zerg Zerg
  • Spawn Location: 11:00

Erik - Winner!

  • Race: Zerg Zerg
  • Spawn Location: 5:00

Event: 2019 WCS Summer

VOD

Have the link to the VOD?

Description

Time

  • Played on: July 12, 2019, 10:47 a.m.
  • Length: 6:47

All games in this series

Show
View Real Time Build Order
Export as new Build Order

Stephano Zerg 

Build Orders: Hatch First 

Get SALT Encoding   

  12  0:00  Drone  
  13  0:12  Overlord  
  13  0:17  Drone  
  14  0:31  Drone x2  
  16  0:48  Hatchery  
  15  0:51  Drone  
  15  0:54  Drone  
  15  0:57  Drone  
  18  1:08  Extractor  
  17  1:13  Spawning Pool  
  17  1:15  Drone  
  17  1:18  Drone  
  18  1:28  Drone  
  19  2:00  Zergling x8  
  23  2:03  Queen, Spine Crawler  
  23  2:05  Spine Crawler  
  23  2:12  Zergling x4  
  25  2:16  Spine Crawler  
  22  2:25  Zergling x4  
  22  2:33  Zergling x4  
  16  2:47  Drone x2  
  18  2:52  Metabolic Boost  
  17  3:04  Drone x2  
  17  3:20  Zergling x8  
  17  3:25  Zergling x2  
  21  3:28  Zergling x2  
  19  3:49  Zergling x4  
  19  3:50  Queen  
  20  3:57  Zergling x2  
  20  4:01  Spine Crawler  
  19  4:13  Zergling x4  
  20  4:21  Zergling x2  
  21  4:34  Overlord  
  20  4:46  Drone  
  21  4:59  Drone x3  
  18  5:07  Queen  
  18  5:09  Drone  
  21  5:18  Drone  
  22  5:31  Baneling Nest  
  21  5:37  Drone  
  21  5:38  Drone x2  
  24  5:51  Drone x2  
  26  5:59  Drone  
  26  6:02  Evolution Chamber  
  26  6:07  Drone  
  27  6:14  Drone x2  
  27  6:15  Baneling x3  
  29  6:24  Overlord  
Show
View Real Time Build Order
Export as new Build Order

Erik Zerg - Winner!

Build Orders: 1 Base Baneling Bust, Pool First, Zergling Baneling 

Get SALT Encoding   

  12  0:00  Drone  
  13  0:07  Drone  
  14  0:25  Spawning Pool  
  13  0:28  Drone  
  13  0:31  Extractor  
  13  0:34  Drone  
  14  0:42  Overlord  
  14  1:01  Drone  
  15  1:12  Zergling x6  
  15  1:15  Baneling Nest  
  17  1:23  Zergling x2  
  18  1:26  Queen  
  20  1:34  Zergling x2  
  21  1:45  Zergling x2  
  22  2:00  Spine Crawler  
  21  2:01  Baneling x2, Spine Crawler  
  21  2:04  Baneling  
  20  2:10  Zergling x2  
  20  2:13  Baneling  
  21  2:18  Zergling x2  
  21  2:29  Zergling x2  
  19  2:46  Zergling x2  
  19  2:47  Zergling x6  
  21  2:51  Overlord  
  21  2:56  Baneling x2  
  21  3:01  Drone  
  22  3:14  Drone  
  22  3:22  Zergling x6  
  22  3:27  Baneling  
  25  3:28  Drone  
  26  3:37  Baneling  
  26  3:39  Drone  
  26  3:49  Drone  
  23  3:59  Drone x2  
  24  4:04  Zergling x4  
  26  4:15  Hatchery  
  25  4:27  Baneling x2  
  25  4:28  Baneling  
  25  4:29  Zergling x4  
  27  4:33  Zergling x4  
  28  4:46  Zergling x2  
  28  4:59  Zergling x6  
  29  5:04  Baneling  
  29  5:05  Drone  
  29  5:06  Drone  
  29  5:10  Metabolic Boost  
  29  5:21  Overlord  
  29  5:26  Queen  
  31  5:31  Zergling x4  
  31  5:32  Zergling x2  
  34  5:42  Baneling x3  
  34  5:47  Drone x3  
  37  5:59  Baneling  
  37  6:00  Baneling  
  37  6:02  Drone  
  37  6:03  Overlord  
  38  6:09  Zergling x2  
  38  6:10  Zergling x4  
  41  6:16  Overlord  
  41  6:18  Drone x2  
  42  6:24  Zergling x4  
Tags
 
Add a new tag
Caveats
  • Supply blocks, unpowered buildings, or Contaminate may cause inaccurate times.
  • Supply counts are checked every 10 seconds.